 Dungeon Crawl Stone Soup version 0.23.1 (webtiles) character file.

Game seed: 1844596739737739477

205 Ethylacetat the Poker (level 5, -1/41 HPs)
             Began as a Demonspawn Gladiator on Mar 4, 2019.
             Killed by divine providence
             ... invoked by an orc priest
              (14 damage)
             ... on level 3 of the Dungeon.
             The game lasted 00:07:09 (2545 turns).

Ethylacetat the Poker (Demonspawn Gladiator)        Turns: 2545, Time: 00:07:10

Health: -1/41      AC: 13    Str: 15    XL:     5   Next: 53%
Magic:  5/5        EV: 10    Int: 10    God:
Gold:   181        SH:  0    Dex: 14    Spells: 4/4 levels left

rFire    . . .     SeeInvis .   a - +0 trident
rCold    . . .     Gourm    .   (no shield)
rNeg     . . .     Faith    .   l - +0 scale mail
rPois    .         Spirit   .   c - +0 helmet
rElec    .         Reflect  .   (no cloak)
rCorr    .         Harm     .   (no gloves)
MR       .....                  (no boots)
Stlth    ..........             (no amulet)
HPRegen  0.13/turn              (no ring)
MPRegen  0.09/turn              (no ring)

@: sanguine armour
A: rot immunity, sanguine armour 1
a: no special abilities


You were on level 3 of the Dungeon.
You were hungry.

You visited 1 branch of the dungeon, and saw 3 of its levels.
You also visited: Sewer.

You collected 181 gold pieces.

Inventory:

Hand Weapons
 a - a +0 trident (weapon)
Missiles
 d - 3 throwing nets (quivered)
Armour
 b - a +0 leather armour
 c - a +0 helmet (worn)
 l - a +0 scale mail (worn)
Scrolls
 h - 4 scrolls of remove curse
 i - a scroll of fog {unknown}
 j - a scroll of teleportation
Potions
 k - a potion of cancellation
Comestibles
 f - 4 rations
 g - 4 chunks of flesh


   Skills:
 * Level 3.1 Fighting
 + Level 4.3 Polearms
 + Level 1.7 Throwing
 - Level 1.7 Armour
 - Level 3.2 Dodging
 - Level 1.0 Stealth


You had 4 spell levels left.
You didn't know any spells.
Your spell library was empty.

Dungeon Overview and Level Annotations

Branches:
Dungeon (3/15)

Altars:


Innate Abilities, Weirdness & Mutations

You are immune to rotting.
When seriously injured, your bleeding wounds create armour. (AC +6)


Message History

a +0 club; 3 stones You see here a stone.
Items here: $ % ( )) [ รท There isn't anything to butcher here.
There isn't anything to butcher here.
g - 4 chunks of flesh You start resting.
Your blood armour dries and flakes away.
You see here a stone.
The orc priest is too close now for your liking.
The orc priest shouts!
The orc priest mumbles some strange prayers to Beogh against you.
Beogh smites you!
Your blood congeals into armour.
You are too injured to fight recklessly!
There are monsters nearby!
You are too injured to fight recklessly!
The orc shouts!
The orc priest invokes the aid of Beogh against you.
Beogh smites you!
You die...

....# #.# ... ....#
......##.#.... .#
......##.#oo.
o#####.............
...<............#.##
.......##.#..##....
..#.##.##.#..##.#.#
###.##.##.#..##.#.##.#
........).....@....# .
..#.....#.(####.####
###.....#.#..(........
........#.##.#########
..........##.#...#
..<.....#.##.#...#
..........##.#...#
.##.#...#....#...#
.##..........#...#


You could see an orc priest and an orc.

Vanquished Creatures
  A crocodile (Sewer)
  An orc wizard (D:3)
  2 adders
  3 worms
  2 dart slugs
  A leopard gecko (D:3)
  3 orcs (D:3)
  4 giant cockroaches
  6 goblins
  6 hobgoblins
  8 jackals
  11 kobolds
  2 quokkas (D:2)
  2 bats (D:2)
  4 frilled lizards
  7 rats
63 creatures vanquished.

Notes
Turn   | Place    | Note
-------+----------+-------------------------------------------
     0 | D:1      | Ethylacetat the Demonspawn Gladiator began the quest for
                  | the Orb.
     0 | D:1      | Reached XP level 1. HP: 16/16 MP: 1/1
   400 | D:1      | Gained mutation: You are immune to rotting. [demonic
                  | ancestry]
   400 | D:1      | Reached XP level 2. HP: 22/22 MP: 2/2
   424 | D:1      | Reached skill level 3 in Polearms
  1217 | D:2      | Reached XP level 3. HP: 28/28 MP: 3/3
  1481 | D:3      | Found a glowing drain.
  1495 | Sewer    | Entered a sewer
  1516 | Sewer    | HP: 1/28 [poisoned by an adder]
  1871 | Sewer    | Noticed a crocodile
  1891 | Sewer    | Killed a crocodile
  1891 | Sewer    | Reached skill level 1 in Armour
  1891 | Sewer    | Gained mutation: When seriously injured, your bleeding
                  | wounds create armour. (AC +6) [demonic ancestry]
  1891 | Sewer    | Reached XP level 4. HP: 6/34 MP: 4/4
  2160 | D:3      | Reached XP level 5. HP: 25/39 MP: 5/5
  2205 | D:3      | Reached skill level 4 in Polearms
  2238 | D:3      | Reached skill level 1 in Stealth
  2545 | D:3      | Killed from afar by an orc priest

Skill      XL: |  1  2  3  4  5 |
---------------+----------------+-----
Polearms       | 3 4 |  4.3
Dodging        | 3 |  3.2
Armour         | 1 |  1.7
Stealth        | 1 |  1.0
Fighting       | 3 |  3.1
Throwing       | |  1.7

Action                   |  1- 3 |  4- 6 || total
-------------------------+-------+-------++-------
Melee: Trident           |   166 |   132 ||   298
  Use: Potion            |     5 |       ||     5
       Scroll            |       |     3 ||     3
 Stab: Sleeping          |     4 |       ||     4
  Eat: Chunk             |     2 |     3 ||     5
Armor: Leather armour    |    14 |       ||    14
       Scale mail        |    43 |    71 ||   114
Dodge: Dodged            |    99 |    78 ||   177
